 Dungeon Crawl Stone Soup version 0.27.1-3-gb3d3a73c9e (webtiles) character file.

Game seed: 13952176979759677041

32 Vallyen the Grave Robber (level 3, -1/21 (24) HPs)
             Began as a Demonspawn Necromancer on Oct 17, 2021.
             Slain by a necrophage (2 damage)
             ... on level 2 of the Dungeon.
             The game lasted 00:12:37 (1773 turns).

Vallyen the Grave Robber (Demonspawn Necromancer)   Turns: 1773, Time: 00:12:38

HP:   -1/21 (24)    AC:  3    Str:  8    XL:     3   Next: 10%
MP:   6/6           EV: 12    Int: 17    God:
Gold: 65            SH:  0    Dex: 15    Spells: 1/6 levels left

rFire    . . .     SeeInvis .   h - +0 quarterstaff
rCold    . . .     Faith    .   (shield currently unavailable)
rNeg     . . .     Spirit   .   a - +0 robe
rPois    .         Reflect  .   (no helmet)
rElec    .         Harm     .   l - +0 cloak
rCorr    .         Rampage  .   (no gloves)
Will     .....                  (no boots)
Stlth    +++.......             (no amulet)
HPRegen  0.07/turn              (no ring)
MPRegen  0.10/turn              (no ring)

@: heavily drained
A: thin skeletal structure 1, demonic guardian 1
a: no special abilities


You were on level 2 of the Dungeon.
You visited 1 branch of the dungeon, and saw 2 of its levels.

You collected 65 gold pieces.

Inventory:

Hand Weapons
 b - a +0 hunting sling
 h - a +0 quarterstaff (weapon)
 n - a +0 mace of draining
 q - a +0 short sword
Missiles
 c - 18 poisoned darts
 o - 35 stones
Armour
 a - a +0 robe (worn)
 l - a +0 cloak (worn)
Jewellery
 m - a ring of resist corrosion
Wands
 g - a wand of iceblast (9)
Scrolls
 e - a scroll of noise {unknown}
 f - a scroll of fog {unknown}
 i - a scroll of vulnerability {unknown}
 j - a scroll of enchant weapon {unknown}
 p - a scroll of fear {unknown}
Potions
 d - 2 potions of brilliance {unknown}
 k - a potion of heal wounds {unknown}


   Skills:
 + Level 0.4 Staves
 + Level 1.8 Dodging
 + Level 2.0 Stealth
 + Level 2.4 Spellcasting
 + Level 5.0 Necromancy


You had one spell level left.
You knew the following spells:

 Your Spells              Type           Power      Damage    Failure   Level
a - Pain                  Necr           76%        1d7       2%          1
b - Animate Skeleton      Necr           38%        N/A       2%          1
c - Vampiric Draining     Necr           9%         2d7       7%          3

Your spell library contained the following spells:

 Spells                   Type           Power      Damage    Failure   Level
 Foxfire                  Conj/Fire      8%         2x1d4     19%         1
 Animate Dead             Necr           9%         N/A       24%         4
 Conjure Flame            Conj/Fire      2%         6-21      50%         3
 Inner Flame              Hex/Fire       2%         N/A       50%         3
 Agony                    Necr           19%        N/A       54%         5


Dungeon Overview and Level Annotations

Branches:
Dungeon (2/15)

Altars:

Shops:
D:2 [(


Innate Abilities, Weirdness & Mutations

You have a somewhat thin skeletal structure. (Dex +2, Stealth+)
A weak demonic guardian rushes to your aid.


Message History

Unknown command.
Unknown command.
A necrophage is nearby!
The necrophage hits your shadow imp.
Your shadow imp barely misses the necrophage.
The necrophage barely misses your shadow imp.
Your shadow imp hits the necrophage.
The necrophage hits your shadow imp.
Your shadow imp barely misses the necrophage.
The necrophage barely misses your shadow imp.
Your shadow imp hits the necrophage but does no damage.
The necrophage hits your shadow imp.
Your shadow imp barely misses the necrophage.
The necrophage hits your shadow imp but does no damage.
Your shadow imp closely misses the necrophage.
The necrophage barely misses your shadow imp.
Your shadow imp closely misses the necrophage.
The necrophage closely misses your shadow imp.
Your shadow imp hits the necrophage.
The necrophage hits your shadow imp but does no damage.
Your shadow imp barely misses the necrophage.
Your shadow imp barely misses the necrophage.
The necrophage hits your shadow imp.
Your shadow imp hits the necrophage but does no damage.
The necrophage hits your shadow imp.
Your shadow imp dies!
You see here a +0 dagger.
You barely miss the necrophage.
The necrophage is moderately damaged.
The necrophage hits you but does no damage.
You closely miss the necrophage.
The necrophage is moderately damaged.
The necrophage barely misses you. The necrophage hits you.
You feel drained.
* * * LOW HITPOINT WARNING * * *
You barely miss the necrophage.
The necrophage is moderately damaged.
The necrophage hits you.
* * * LOW HITPOINT WARNING * * *
A demonic guardian appears!
You feel drained.
You die...

....#...##.########.####.#
.................>..# .#
.##...#.########..### .#
.##.###.### #..# .#
'##........ #.†# ##
........... #..#
.......#### #..# ...#####
..##..#. ...
#######.##@5#.# ####
#....##.##n.# .
#....##.#...# #.
#....##....####.###
#....##.......#...#
#....##..#.##.# #.#
#.............# #.#
####.####.)######.#
#.#............#


You could see a necrophage (ally target) and a friendly iron imp (summoned).

Vanquished Creatures
  An endoplasm (D:2)
  2 goblins
  5 hobgoblins
  8 kobolds
  2 quokkas
  2 ball pythons
  2 bats
  6 frilled lizards (D:1)
  5 rats
  A bush (D:1)
34 creatures vanquished.

Vanquished Creatures (others)
  9 plants (D:1)
9 creatures vanquished.

Grand Total: 43 creatures vanquished

Notes
Turn   | Place    | Note
-------+----------+-------------------------------------------
     0 | D:1      | Vallyen the Demonspawn Necromancer began the quest for the
                  | Orb.
     0 | D:1      | Reached XP level 1. HP: 13/13 MP: 3/3
   200 | D:1      | Found a faded altar of an unknown god.
   341 | D:1      | Learned a level 1 spell: Animate Skeleton
   460 | D:1      | Gained mutation: You have a somewhat thin skeletal
                  | structure. (Dex +2, Stealth+) [demonic ancestry]
   460 | D:1      | Reached XP level 2. HP: 10/19 MP: 0/5
  1190 | D:2      | Found Idghenid's Antique Armour Boutique.
  1354 | D:2      | Reached skill level 5 in Necromancy
  1378 | D:2      | Gained mutation: A weak demonic guardian rushes to your
                  | aid. [demonic ancestry]
  1378 | D:2      | Reached XP level 3. HP: 7/24 MP: 1/6
  1600 | D:2      | Learned a level 3 spell: Vampiric Draining
  1619 | D:2      | Found Kin Elut's Antique Weapon Shop.
  1734 | D:2      | Noticed a necrophage
  1773 | D:2      | HP: 1/22 [necrophage (5)]
  1773 | D:2      | Slain by a necrophage

Illustrated notes

Levels and vault maps discovered:
D:1:      dpeg_arrival_another_circle, layout_basic,
          hellmonk_ecumenical_altar_lost_god, lexackson_kobold_supper
D:2:      layout_basic, serial_shops, nicolae_shop_waterfront, shop_statue

Skill      XL: |  1  2 |
---------------+-------+-----
Stealth        | 2 |  2.0
Necromancy     | 5 |  5.0
Staves         | |  0.4
Dodging        | |  1.8
Spellcasting   | |  2.4

Action                   || total
-------------------------++-------
Melee: Quarterstaff      ||   138
       Unarmed           ||     1
 Cast: Pain              ||    28
       Animate Skeleton  ||     1
 Stab: Sleeping          ||     4
Armor: Robe              ||     6
Dodge: Dodged            ||    28
